 Dungeon Crawl Stone Soup version 0.26.0-45-g9c1d065592 (webtiles) character file.

Game seed: 10312887479716721851

44 kaeus the Sneak (level 3, -7/26 HPs)
             Began as an Octopode Monk on Jan 28, 2021.
             Mangled by Sigmund
             ... wielding a +1 vorpal scythe
              (8 damage)
             ... on level 2 of the Dungeon.
             The game lasted 00:00:57 (1008 turns).

kaeus the Sneak (Octopode Monk)                     Turns: 1008, Time: 00:00:58

Health: -7/26      AC:  1    Str: 10    XL:     3   Next: 62%
Magic:  3/3        EV: 14    Int: 12    God:
Gold:   28         SH:  0    Dex: 15    Spells: 2/2 levels left

rFire    . . .     SeeInvis .   a - +0 short sword
rCold    . . .     Faith    .   (no shield)
rNeg     . . .     Spirit   .   (helmet restricted)
rPois    .         Reflect  .   (no amulet)
rElec    .         Harm     .   h - ring of resist corrosion
rCorr    +         Rampage  .   (no ring)
Will     .....                  (no ring)
Stlth    ++++......             (no ring)
HPRegen  0.08/turn              (no ring)
MPRegen  0.08/turn              (no ring)
                                (no ring)
                                (no ring)

@: no status effects
A: almost no armour, stealthy swim, amphibious, 8 rings, constrict 8, camouflage
1, gelatinous body 1
a: no special abilities


You were on level 2 of the Dungeon.
You visited 1 branch of the dungeon, and saw 2 of its levels.

You collected 28 gold pieces.

Inventory:

Hand Weapons
 a - a +0 short sword (weapon)
Jewellery
 h - a ring of resist corrosion (left tentacle)
Scrolls
 b - a scroll of teleportation {unknown}
 d - a scroll of remove curse {unknown}
 f - a scroll of identify {unknown}
Potions
 c - a potion of curing {unknown}
 e - a potion of brilliance {unknown}
 g - a potion of ambrosia {unknown}


   Skills:
 + Level 3.3 Fighting
 + Level 3.3 Short Blades
 + Level 3.3 Dodging
 * Level 4.0 Stealth


You had 2 spell levels left.
You didn't know any spells.
Your spell library was empty.

Dungeon Overview and Level Annotations

Branches:
Dungeon (2/15)

Altars:

Annotations:
D:2 Sigmund


Innate Abilities, Weirdness & Mutations

You cannot wear most types of armour.
You are very stealthy in the water. (Stealth+)
You are amphibious.
You can wear up to eight rings at the same time.
You can use your tentacles to constrict eight enemies at once.
Your skin changes colour to match your surroundings (Stealth+).
Your rubbery body absorbs attacks. (AC +1, EV +1)


Message History

The helpless goblin fails to defend itself.
You impale the goblin!!
You kill the goblin!
Sigmund hits you from afar with a +1 vorpal scythe!
Sigmund is nearby!
You are too injured to fight recklessly!
Sigmund is nearby!
You take 16 damage, and have 10/26 hp.
MASSIVE DAMAGE!!
You are too injured to fight recklessly!
Sigmund is nearby!
You are too injured to fight recklessly!
Sigmund is nearby!
Sigmund points at you and mumbles some strange words.
The puff of flame hits you!
* * * LOW HITPOINT WARNING * * *
You take 9 damage, and have 1/26 hp.
MASSIVE DAMAGE!!
You closely miss Sigmund. Your grab misses Sigmund.
A kobold comes into view. It is wielding a +0 mace.
Sigmund hits you with a +1 vorpal scythe!
You die...

#.#..............#
#.#.####.#.......#
#.#.. #.#.......#
....# #.#.......#
....# #.#.##....#
....# #.#.####..#
#.#.# #.#.#
#..####.#
#.####...)/.!#
.......@######
#.....@.#
######..# ....
###.# #.# K.. ...


You could see Sigmund and a kobold (wandering).

Vanquished Creatures
  A gnoll (D:1)
  An ooze (D:1)
  A leopard gecko (D:1)
  3 giant cockroaches (D:1)
  5 goblins
  3 hobgoblins
  4 kobolds (D:1)
  A ball python (D:1)
  5 bats
  2 frilled lizards
  4 rats (D:1)
30 creatures vanquished.

Notes
Turn   | Place    | Note
-------+----------+-------------------------------------------
     0 | D:1      | kaeus the Octopode Monk began the quest for the Orb.
     0 | D:1      | Reached XP level 1. HP: 16/16 MP: 1/1
   117 | D:1      | Reached skill level 3 in Stealth
   117 | D:1      | Reached XP level 2. HP: 12/21 MP: 2/2
   409 | D:1      | Reached XP level 3. HP: 18/26 MP: 3/3
   891 | D:1      | Reached skill level 4 in Stealth
  1000 | D:2      | Noticed Sigmund
  1007 | D:2      | HP: 1/26 [Sigmund/puff of flame (9)]
  1008 | D:2      | Mangled by Sigmund

Illustrated notes

Levels and vault maps discovered:
D:1:      ncdulo_lavacross, layout_rooms
D:2:      layout_loops_ring, minmay_domino_2, uniq_sigmund

Skill      XL: |  1  2  3 |
---------------+----------+-----
Stealth        | 3 4 |  4.0
Fighting       | |  3.3
Short Blades   | |  3.3
Dodging        | |  3.3

Action                   || total
-------------------------++-------
Melee: Short sword       ||    55
       Constrict         ||    11
       Tentacles         ||     6
 Stab: Sleeping          ||    13
Armor: Skin              ||     4
Dodge: Dodged            ||    28
